 Dungeon Crawl Stone Soup version 0.19.5 (webtiles) character file.

24 epen the Insei (level 2, 0/21 HPs)
             Began as a Demonspawn Transmuter on July 29, 2017.
             Slain by a hobgoblin
             ... wielding a +0 club
              (3 damage)
             ... on level 2 of the Dungeon.
             The game lasted 00:01:04 (1364 turns).

epen the Insei (Demonspawn Transmuter)              Turns: 1364, Time: 00:01:05

Health: 0/21       AC:  5    Str: 10    XL:     2   Next: 79%
Magic:  4/5        EV: 12    Int: 14    God:
Gold:   108        SH:  0    Dex: 13    Spells: 1 memorised, 4 levels left

rFire  . . .     SeeInvis .       - Unarmed
rCold  . . .     Gourm    .     b - +0 robe
rNeg   . . .     Faith    .     (no shield)
rPois  .         Spirit   .     (no helmet)
rElec  .         Reflect  .     (no cloak)
rCorr  .         Harm     .     m - +0 pair of gloves
MR     .....                    (boots currently unavailable)
Stlth  +.........               (no amulet)
                                (no ring)
                                i - ring of flight

@: appendage (expiring)
A: talons 3, yellow scales 1
a: End Transformation, Evoke Flight


You were on level 2 of the Dungeon.
You were very hungry.
You had grown temporary talons.
You visited 1 branch of the dungeon, and saw 2 of its levels.

You collected 108 gold pieces.

Inventory:

Missiles
 a - 12 arrows
Armour
 b - a +0 robe (worn)
 m - a +0 pair of gloves (worn)
Jewellery
 i - a ring of flight (left hand)
Scrolls
 f - 3 scrolls of identify {unknown}
 g - 2 scrolls of teleportation {unknown}
 j - a scroll of fog {unknown}
Potions
 e - a potion of invisibility {unknown}
 h - 3 potions of curing {unknown}
 k - a potion of cure mutation {unknown}
 l - a potion of flight {unknown}
Books
 c - a book of Changes

   Spells                             Type                      Level
   a - Beastly Appendage              Transmutation                1
   b - Sticks to Snakes               Transmutation                2
   c - Spider Form                    Transmutation/Poison         3
   d - Ice Form                       Ice/Transmutation            4
   e - Blade Hands                    Transmutation                5
Comestibles
 d - 2 bread rations


   Skills:
 + Level 1.3 Fighting
 + Level 2.0 Dodging
 * Level 3.2 Unarmed Combat
 + Level 2.2 Spellcasting
 + Level 1.9 Transmutations


You had 4 spell levels left.
You knew the following spells:

 Your Spells              Type           Power        Failure   Level  Hunger
a - Beastly Appendage     Tmut           #.....       14%         1    #......


Dungeon Overview and Level Annotations

Branches:
Dungeon (2/15)

Altars:


Innate Abilities, Weirdness & Mutations

You are partially covered in yellow scales. (AC +2)
You have claws for feet.


Message History

You miss the adder. You claw the adder.
The adder is severely wounded.
The adder bites you but does no damage.
A jackal comes into view.
You hit the adder.
The adder is almost dead.
The adder closely misses you. The hobgoblin misses you.
You miss the adder. Your kick misses the adder.
The adder is almost dead.
The adder closely misses you. The hobgoblin hits you with a club.
* * * LOW HITPOINT WARNING * * *
The adder bites you.
* * * LOW HITPOINT WARNING * * *
A jackal comes into view.
The jackal barks!
You hit the adder.
You kill the adder!
Your Dodging skill increases to level 2!
The jackal completely misses you. The hobgoblin hits you with a club.
You die...

#. #.. ###. #.#
.##.. ....> ...
...h.$. ..... #.#
....... [...#.#
......
#..#.##....#
..#....#.....#
$...#g@h.#...###.
..................
...#..........## .
#.##.##....# .
......##....#
#...#######....#
..............##
########.######
#............#


You could see 2 jackals and a hobgoblin.

Vanquished Creatures
  An adder (D:2)
  A goblin (D:1)
  6 hobgoblins
  3 kobolds (D:1)
  5 rats (D:1)
16 creatures vanquished.

Notes
Turn   | Place    | Note
-------+----------+-------------------------------------------
     0 | D:1      | epen the Demonspawn Transmuter began the quest for the Orb.
     0 | D:1      | Reached XP level 1. HP: 15/15 MP: 3/3
   781 | D:1      | Reached skill level 3 in Unarmed Combat
   796 | D:1      | Gained mutation: You are partially covered in yellow scales. (AC +2) [demonic ancestry]
   796 | D:1      | Reached XP level 2. HP: 6/21 MP: 3/5
  1364 | D:2      | Slain by a hobgoblin

Skill      XL: |  1  2 |
---------------+-------+-----
Unarmed Combat | 3 |  3.2
Dodging        | 2 |  2.0
Fighting       | |  1.3
Spellcasting   | |  2.2
Transmutations | |  1.9

Action                   || total
-------------------------++-------
Melee: Unarmed           ||    58
       Kick              ||     1
 Cast: Beastly Appendage ||     3
Armor: Robe              ||     9
Dodge: Dodged            ||    28
